 Dungeon Crawl Stone Soup version 0.18-a0-1689-g473dde0 (webtiles) character file.

1292 Arkorax the Grappler (level 8, 0/70 HPs)
             Began as a Centaur Monk on Apr 5, 2016.
             Was a Priest of Okawaru.
             Slain by a wraith (8 damage)
             ... on level 6 of the Dungeon.
             The game lasted 00:10:38 (7513 turns).

Arkorax the Grappler (Centaur Monk)                 Turns: 7513, Time: 00:10:38

Health: 0/70       AC:  8    Str: 15    XL:     8   Next: 30%
Magic:  17/17      EV:  9    Int:  9    God:    Okawaru [***...]
Gold:   198        SH:  4    Dex: 13    Spells: 0 memorised, 7 levels left

rFire  . . .     SeeInvis .       - Unarmed
rCold  + + +     Gourm    .     x - +0 ring mail
rNeg   . . .     Faith    .     D - +0 buckler "Biacw" {rElec rC+++ MP+9 Stlth-}
rPois  .         Spirit   .     v - +1 helmet
rElec  +         Dismiss  .     l - +0 cloak
rCorr  .         Reflect  .     (no gloves)
SustAt .         Harm     .     (no barding)
MR     +....                    (no amulet)
Stlth  ..........               n - ring of stealth
                                r - ring of protection from magic

@: slowed, somewhat resistant to hostile enchantments, extremely unstealthy
A: hooves 3, deformed body, speed 2, tough skin 3
a: Heroism, Renounce Religion


You were on level 6 of the Dungeon.
You worshipped Okawaru.
Okawaru was most pleased with you.
You were not hungry.

You visited 2 branches of the dungeon, and saw 7 of its levels.

You collected 198 gold pieces.

Inventory:

Hand Weapons
 w - a +0 dagger of venom
Missiles
 d - 10 tomahawks (quivered)
 q - 6 silver javelins
Armour
 a - a +0 robe
 e - a +0 leather armour
 l - a +0 cloak (worn)
 v - a +1 helmet (worn)
 x - a +0 ring mail (worn)
 D - the +0 buckler "Biacw" (worn) {rElec rC+++ MP+9 Stlth-}
   (You found it on level 4 of the Dungeon)

   It renders you almost immune to cold.
   It insulates you from electricity.
   It affects your magic capacity (+9).
   It makes you less stealthy.
Jewellery
 n - a ring of stealth (right hand)
 r - a ring of protection from magic (left hand)
Wands
 s - a wand of iceblast (0/15)
 E - a wand of flame (16/48)
 G - a wand of paralysis (11/24)
Scrolls
 f - 2 scrolls of fear {unknown}
 i - 2 scrolls of teleportation {unknown}
 j - 7 scrolls of identify {unknown}
 m - a scroll of remove curse
 u - a scroll of amnesia {unknown}
 y - a scroll of blinking {unknown}
 F - 2 scrolls of recharging {unknown}
 H - a scroll of magic mapping {unknown}
 I - a scroll of immolation {unknown}
Potions
 c - a potion of agility {unknown}
 g - a potion of cancellation {unknown}
 h - a potion of invisibility {unknown}
 p - a potion of lignification {unknown}
 t - a potion of heal wounds {unknown}
 z - a potion of haste {unknown}
 A - a potion of ambrosia {unknown}
 B - 2 potions of cure mutation {unknown}
 C - 2 potions of curing {unknown}
 K - a potion of might {unknown}
Books
 L - a book of Geomancy

   Spells                             Type                      Level
   a - Sandblast                      Earth                        1
   b - Passwall                       Transmutation/Earth          2
   c - Stone Arrow                    Conjuration/Earth            3
   d - Petrify                        Transmutation/Earth          4
   e - Lee's Rapid Deconstruction     Earth                        5
 M - a book of Changes

   Spells                             Type                      Level
   a - Beastly Appendage              Transmutation                1
   b - Sticks to Snakes               Transmutation                2
   c - Spider Form                    Transmutation/Poison         3
   d - Ice Form                       Ice/Transmutation            4
   e - Blade Hands                    Transmutation                5
Comestibles
 b - a bread ration
 k - a meat ration
 o - a slice of pizza
 J - a beef jerky
 N - 2 fruits
 O - 4 chunks of flesh


   Skills:
 + Level 5.9 Fighting
 + Level 1.0 Armour
 - Level 2.1 Dodging
 - Level 1.2 Stealth
 - Level 3.1 Shields
 * Level 8.3 Unarmed Combat


You had 7 spell levels left.
You didn't know any spells.

Dungeon Overview and Level Annotations

Branches:
Dungeon (6/15)             Temple (1/1) D:5

Altars:
Ashenzari
Cheibriados
Dithmenos
Elyvilon
Fedhas
Gozag
Kikubaaqudgha
Makhleb
Nemelex Xobeh
Okawaru
Pakellas
Qazlal
Ru
Sif Muna
Trog
Vehumet
Xom
Yredelemnul
Zin
The Shining One


Innate Abilities, Weirdness & Mutations

You have hooves in place of feet.
Armour fits poorly on your strangely shaped body.
You cover ground very quickly.
You have extremely tough skin (AC +3).


Message History

You are too injured to fight recklessly!
You are too injured to fight recklessly!
You are too injured to fight recklessly!
You are too injured to fight recklessly!
You are too injured to fight recklessly!
You are too injured to fight recklessly!
You barely miss the wraith.
The wraith is severely damaged.
The wraith hits you.
* * * LOW HITPOINT WARNING * * *
You punch the wraith!
The wraith is almost destroyed.
The wraith hits you.
* * * LOW HITPOINT WARNING * * *
The wraith hits you.
* * * LOW HITPOINT WARNING * * *
You barely miss the wraith.
The wraith is almost destroyed.
The wraith hits you!
You die...

..P.# ≈≈†≈# # ...
≈≈≈≈###.# ###.###
##≈≈....# # ##.....## #
.#≈≈.######.#.......#!#
.#≈≈.(####..#.......#.#.
##≈≈.....+......_.......
.≈≈≈..#### #...W.?.#
.≈≈≈..# #...@...#
.≈≈≈#.# # ##.....##
.≈≈≈#.# #.####.####.#
.≈≈≈#.# #...........#
.≈≈≈#.# ####.#####.##
.≈≈≈#.# #.# .≈≈≈..#
##.## ##≈≈### ##...##
#≈≈.## ##.....#


You could see a wraith.

Vanquished Creatures
  A phantom (D:5)
  An ice beast (D:5)
  An ogre (D:5)
  2 centaurs (D:5)
  Blork the orc (D:5)
  A scorpion (D:5)
  A crimson imp (D:5)
  2 orc priests
  3 hounds
  2 orc wizards (D:5)
  2 centaur skeletons (D:5)
  3 worker ants
  A killer bee zombie (D:5)
  A hound zombie (D:5)
  16 gnolls
  8 adders
  A howler monkey skeleton (D:4)
  A shadow imp (D:6)
  An adder skeleton (D:4)
  4 worms
  7 giant geckos
  12 orcs
  5 giant cockroaches
  4 goblins
  3 hobgoblins
  11 jackals
  6 kobolds
  9 bats
  4 giant newts
  2 gnoll zombies (D:4)
  8 rats
124 creatures vanquished.

Vanquished Creatures (others)
  A crocodile (D:2)
  A goblin (D:1)
2 creatures vanquished.

Grand Total: 126 creatures vanquished

Notes
Turn   | Place    | Note
--------------------------------------------------------------
     0 | D:1      | Arkorax the Centaur Monk began the quest for the Orb.
     0 | D:1      | Reached XP level 1. HP: 19/19 MP: 1/1
   201 | D:1      | Reached XP level 2. HP: 17/26 MP: 2/2
   706 | D:2      | Found a blossoming altar of Fedhas.
   743 | D:3      | Found a white marble altar of Elyvilon.
   850 | D:2      | Found a deep blue altar of Sif Muna.
   960 | D:2      | Reached XP level 3. HP: 31/31 MP: 3/3
  1297 | D:2      | Reached skill level 5 in Unarmed Combat
  1373 | D:2      | Found an oddly glowing altar of Pakellas.
  1373 | D:2      | Noticed an orange crystal statue
  1374 | D:2      | Noticed a crocodile
  1399 | D:2      | Killed a crocodile
  1846 | D:3      | Reached XP level 4. HP: 34/39 MP: 4/4
  3146 | D:4      | Reached XP level 5. HP: 23/46 MP: 5/5
  3326 | D:4      | Reached skill level 6 in Unarmed Combat
  3615 | D:4      | Found a shattered altar of Ashenzari.
  3794 | D:4      | Found a snail-covered altar of Cheibriados.
  4242 | D:4      | Reached XP level 6. HP: 20/53 MP: 6/6
  4607 | D:4      | Found a shimmering altar of Xom.
  4723 | D:4      | Got a shimmering buckler
  4729 | D:4      | Identified the +0 buckler "Biacw" {rElec rC+++ MP+9 Stlth-} (You found it on level 4 of the Dungeon)
  4924 | D:4      | Found a basalt altar of Yredelemnul.
  5020 | D:5      | Entered Level 5 of the Dungeon
  5142 | D:5      | Reached skill level 1 in Shields
  5266 | D:5      | Found a staircase to the Ecumenical Temple.
  5299 | Temple   | Entered the Ecumenical Temple
  5624 | Temple   | Became a worshipper of Warmaster Okawaru
  5624 | Temple   | Reached * piety under Okawaru
  5624 | Temple   | Reached ** piety under Okawaru
  5704 | D:5      | Reached skill level 7 in Unarmed Combat
  5826 | D:5      | Reached skill level 5 in Fighting
  5826 | D:5      | Reached XP level 7. HP: 59/61 MP: 7/7
  6085 | D:5      | Noticed Blork the orc
  6095 | D:5      | Killed Blork the orc
  6385 | D:5      | Reached XP level 8. HP: 52/69 MP: 8/8
  6387 | D:5      | Reached *** piety under Okawaru
  6493 | D:5      | Reached skill level 8 in Unarmed Combat
  7306 | D:6      | Reached skill level 1 in Armour
  7488 | D:6      | Found a bloodstained altar of Trog.
  7513 | D:6      | Slain by a wraith

Vault maps used:
D:1:      saegor_arrival_simple_b, st_stairs_4, minmay_misc_feat_doors,
          kennysheep_nondescript, monster_avoids_cloud
D:2:      lemuel_doored_altar, gammafunk_pakellas_statue_experiment,
          fedhas_altar_3
D:3:      elyvilon_altar_4, first_bread
D:4:      cheibrodos_ashenzari_chains, lemuel_zombie_altar_yredelemnul,
          cheibriados_altar_1, lemuel_coloured_pillars_altar
D:5:      temple_statues, uniq_blork_the_orc
D:6:      lemuel_castle_with_subvaults, old_standard_altar
Temple:   triangle_lava_temple_12

Skill      XL: |  1  2  3  4  5  6  7  8 |
---------------+-------------------------+-----
Unarmed Combat | 5 6 7 8 |  8.3
Fighting       | 4 5 |  5.9
Shields        | 1 3 |  3.1
Armour         | 1 |  1.0
Dodging        | |  2.1
Stealth        | |  1.2

Action                   |  1- 3 |  4- 6 |  7- 9 || total
-------------------------+-------+-------+-------++-------
Melee: Unarmed           |   146 |   244 |   208 ||   598
Throw: Tomahawk          |       |     9 |       ||     9
       Javelin           |       |     1 |       ||     1
Evoke: Wand              |       |       |     8 ||     8
  Use: Scroll            |     1 |       |       ||     1
 Stab: Sleeping          |     4 |     1 |       ||     5
       Paralysed         |       |       |     3 ||     3
  Eat: Chunk             |     2 |     3 |     2 ||     7
       Royal jelly       |       |     1 |       ||     1
       Bread ration      |       |     1 |       ||     1
       Meat ration       |       |     1 |       ||     1
